 Dungeon Crawl Stone Soup version 0.27-a0-1612-gde56a17b89 (webtiles) character file.

Game seed: 2532724821861860487

41763 mandarbmax the Cleaver (level 14, -1/115 HPs)
             Began as a Formicid Fighter on July 21, 2021.
             Was a High Priest of Okawaru.
             Killed from afar by an efreet (28 damage)
             ... with a bolt of fire
             ... in a volcano.
             The game lasted 00:32:47 (18453 turns).

mandarbmax the Cleaver (Formicid Fighter)          Turns: 18453, Time: 00:32:47

Health: -1/115     AC: 20    Str: 33    XL:     14   Next: 51%
Magic:  20/20      EV: 10    Int:  5    God:    Okawaru [*****.]
Gold:   912        SH: 30    Dex: 11    Spells: 13/13 levels left

rFire    . . .     SeeInvis +   a - +2 war axe
rCold    . . .     Faith    .   M - +2 tower shield {rN+}
rNeg     + . .     Spirit   .   p - +0 plate armour
rPois    .         Reflect  +   (helmet unavailable)
rElec    .         Harm     .   D - scarf {shadows}
rCorr    .         Rampage  .   S - +0 pair of gloves of a sewer {Regen+ Str+2 Int-3}
Will     ++...                  F - +0 pair of boots
Stlth    ..........             i - amulet of reflection
HPRegen  1.29/turn              j - ring of flight
MPRegen  0.17/turn              L - ring "Cecwi" {*Corrode +Blink Will+ Str+6 Slay+2}

@: heroic, flying, studying Unarmed Combat
A: permanent stasis, dig shafts and tunnels, antennae 3, four strong arms
a: Dig, Renounce Religion, Heroism, Finesse


You were in a volcano.
You worshipped Okawaru.
Okawaru was extremely pleased with you.
You visited 2 branches of the dungeon, and saw 16 of its levels.
You also visited: Ossuary and Volcano.

You collected 912 gold pieces.

Inventory:

Hand Weapons
 a - a +2 war axe (weapon)
Missiles
 H - 5 atropa-tipped darts
 K - 4 throwing nets
Armour
 p - a +0 plate armour (worn)
 A - +0 acid dragon scales
 D - a scarf of shadows (worn)
 F - a +0 pair of boots (worn)
 M - a +2 tower shield of positive energy (worn)
 S - the +0 pair of gloves of a sewer (worn) {Regen+ Str+2 Int-3}
   (Okawaru gifted it to you on level 4 of the Lair of Beasts)

   Str:       It affects your strength (+2).
   Int:       It affects your intelligence (-3).
   Regen:     It increases your rate of health regeneration.
Jewellery
 e - a ring of ice
 i - an amulet of reflection (around neck)
 j - a ring of flight (left hand)
 m - an amulet of faith
 L - the ring "Cecwi" (right hand) {*Corrode +Blink Will+ Str+6 Slay+2}
   (You took it off an efreet on level 8 of the Dungeon)

   [ring of willpower]

   Str:       It affects your strength (+6).
   Slay:      It affects your accuracy & damage with ranged weapons and melee
   (+2).
   +Blink:    It lets you blink.
   *Corrode:  It may corrode you when you take damage.
   Will:      It increases your willpower.
Wands
 b - a wand of charming (2)
 c - a wand of flame (19)
 w - a wand of acid (11)
 C - a wand of polymorph (19)
 E - a wand of iceblast (19)
 J - a wand of digging (13)
Scrolls
 f - a scroll of teleportation {unknown}
 h - a scroll of immolation
 k - a scroll of torment {unknown}
 o - a scroll of brand weapon {unknown}
 q - 3 scrolls of amnesia
 r - 2 scrolls of fear
 s - a scroll of fog
 u - 2 scrolls of summoning
 y - 2 scrolls of magic mapping
 B - a scroll of silence {unknown}
 N - a scroll of enchant armour {unknown}
 R - a scroll of vulnerability
Potions
 d - 2 potions of heal wounds
 g - a potion of might
 l - 11 potions of curing
 n - 2 potions of magic
 t - 4 potions of degeneration {unknown}
 v - 3 potions of lignification
 x - 2 potions of ambrosia
 z - 3 potions of mutation
 G - 2 potions of brilliance
 Q - a potion of flight


   Skills:
 - Level 12.0(17.0) Fighting
 - Level 14.0(19.0) Axes
 - Level 10.0(15.0) Armour
 - Level 12.0(17.0) Shields
 - Level 8.0 Invocations
 + Level 9.1 Evocations


You had 13 spell levels left.
You didn't know any spells.
Your spell library contained the following spells:

 Spells                   Type           Power      Damage    Failure   Level
 Beastly Appendage        Tmut           0%         N/A       94%         1
 Foxfire                  Conj/Fire      0%         2x1d4     94%         1
 Pain                     Necr           0%         1d4       94%         1
 Passwall                 Tmut/Erth      0%         N/A       98%         2
 Wereblood                Tmut           0%         N/A       98%         2
 Conjure Flame            Conj/Fire      0%         6-21      100%        3
 Inner Flame              Hex/Fire       0%         N/A       100%        3
 Spider Form              Tmut/Pois      0%         N/A       100%        3
 Summon Guardian Golem    Hex/Summ       0%         N/A       100%        3
 Cause Fear               Hex            0%         N/A       100%        4
 Agony                    Necr           0%         N/A       100%        5
 Excruciating Wounds      Necr           0%         N/A       100%        5
 Iskenderun's Battlesphe  Conj           0%         2d6       100%        5
 Invisibility             Hex            0%         N/A       100%        6
 Iron Shot                Conj/Erth      0%         9d1       100%        6
 Orb of Destruction       Conj           0%         N/A       100%        7
 Spellforged Servitor     Conj/Summ      0%         N/A       100%        7
 Discord                  Hex            0%         N/A       100%        8
 Swiftness                Air            Unusable   N/A       N/A         3

Dungeon Overview and Level Annotations

Branches:
Dungeon (11/15)            Temple (0/1) D:6            Lair (5/6) D:9
 Shoals (0/4) Lair:3        Snake (0/4) Lair:2          Orc (0/2) D:10
Ossuary (visited)         Volcano (1/1)
  Slime: Lair:5-6

Altars:
Ashenzari
Cheibriados
Gozag
Okawaru
Sif Muna
Trog

Shops:
D:7 *


Innate Abilities, Weirdness & Mutations

You cannot be hasted, slowed, berserked, paralysed or teleported.
You can dig through walls and to a lower floor.
You have a pair of large antennae on your head. (SInv)
Your four strong arms can wield two-handed weapons with a shield.


Message History

You hit the efreet but do no damage.
The efreet hits you with a +4 scimitar of flaming!
The efreet burns you.
You slash the efreet!
The efreet is moderately wounded.
You hit the efreet but do no damage.
The efreet is moderately wounded.
You block the efreet's attack.
You barely miss the efreet.
The efreet is moderately wounded.
You block the efreet's attack.
You slash the efreet!
The efreet is heavily wounded.
You hit the efreet but do no damage.
The efreet is heavily wounded.
The efreet gestures at you.
The fireball explodes!
The fireball engulfs you!!
The fireball engulfs the efreet.
The efreet completely resists.
You slash the efreet!
The efreet is almost dead.
You block the efreet's attack.
Unknown command.
You hit the efreet.
The efreet is almost dead.
The efreet gestures at you.
The bolt of fire hits the efreet.
The efreet completely resists.
The bolt of fire hits you!!
* * * LOW HITPOINT WARNING * * *
Unknown command.
You hit the efreet but do no damage.
The efreet is almost dead.
You block the efreet's attack. The efreet gestures at you.
The bolt of fire hits the efreet.
The efreet completely resists.
The bolt of fire hits you but does no damage.
You hit the efreet but do no damage.
The efreet is almost dead.
The efreet gestures at you. The bolt of fire hits you!!
You die...

{ ### °☼.. ##.# ###
R.○≈○ ##..#####.##
.☼≈≈○ ##≈...##..≈○##
#○○≈≈○ #○≈....#)≈○○○##
°.≈○≈≈
#○°.∩..'≈≈≈○○.##R≈≈≈≈≈
#≈§§..##≈≈≈○≈≈@R#○
#≈≈≈..##≈≈○≈≈####
#≈≈...###≈○###{
#○°.∩..9#### {
#○○....# { { ##≈...##


You could see 2 efreet.

Vanquished Creatures
  Fannar (Lair:3)
  A boulder beetle (D:8)
  2 hydras
  Harold (D:10)
  2 centaur warriors
  Erica (D:8)
  2 two-headed ogres
  A tengu warrior (D:8)
  10 death yaks
  The ghost of LadonLegend the Grappler, a novice TrMo of Wu Jian (Lair:1)
  The ghost of MisterAzrael the Cudgeller, a novice TrMo of Zin (D:8)
  A fire crab (Lair:3)
  A lindwurm (Lair:4)
  An ugly thing (D:9)
  2 moths of wrath (Lair:1)
  A manticore (D:8)
  6 elephants (Lair:4)
  A black mamba (Lair:1)
  An ice statue (D:9)
  6 cane toads
  Psyche (D:9)
  4 komodo dragons
  A kobold demonologist (D:8)
  2 efreet
  A tengu conjurer (D:9)
  2 merfolk (Lair:3)
  2 trolls
  16 blink frogs
  Grinder (D:6)
  A slime creature (D:9)
  4 spriggans (Lair:1)
  A hornet (Lair:1)
  2 wraiths
  2 wyverns
  2 fire elementals (Volcano)
  19 yaks
  3 basilisks
  A steam dragon (D:8)
  2 vampire mosquitoes (D:8)
  4 nagas (Lair:2)
  An acid dragon (D:5)
  9 water moccasins
  3 ice beasts
  3 orc warriors
  2 sky beasts
  A black bear (D:6)
  2 hornet zombies (Ossuary)
  3 necrophages
  6 centaurs
  An ogre (D:5)
  11 wolves
  A phantom (D:7)
  2 kobold brigands
  2 water moccasin zombies (Ossuary)
  4 scorpions
  14 bullfrogs
  A gnoll sergeant (D:9)
  4 wyvern zombies
  A wyvern skeleton (D:7)
  4 killer bees (D:9)
  10 wights
  2 howler monkeys (D:9)
  4 lava snakes (D:10)
  5 centaur zombies
  A gnoll shaman (D:6)
  3 hounds
  2 jellies (D:8)
  9 bullfrog zombies
  4 orc priests
  2 bullfrog skeletons
  4 iguanas
  Terence (D:2)
  4 orc wizards
  4 killer bee zombies
  A hound skeleton (D:4)
  13 mummies (Ossuary)
  4 howler monkey zombies
  7 adders
  9 gnolls
  A white imp (D:7)
  4 worms
  A dart slug (D:1)
  21 orcs
  6 ball pythons
  6 endoplasms
  4 giant cockroaches
  6 goblins
  9 hobgoblins
  7 jackals
  16 kobolds
  5 quokkas
  4 bats
  2 frilled lizards (D:1)
  6 rats
  A fire vortex (Volcano)
377 creatures vanquished.

Vanquished Creatures (others)
  A two-headed ogre (D:9)
  A demonic plant (D:1)
  23 fungi
  18 plants
  5 withered plants (Ossuary)
48 creatures vanquished.

Grand Total: 425 creatures vanquished

Notes
Turn   | Place    | Note
-------+----------+-------------------------------------------
     0 | D:1      | mandarbmax the Formicid Fighter began the quest for the
                  | Orb.
     0 | D:1      | Reached XP level 1. HP: 18/18 MP: 1/1
    93 | D:1      | Found a faded altar of an unknown god.
   316 | D:1      | Reached XP level 2. HP: 24/24 MP: 2/2
   510 | D:1      | Reached XP level 3. HP: 30/30 MP: 3/3
  1028 | D:2      | Noticed Terence
  1047 | D:2      | Killed Terence
  1048 | D:2      | Reached XP level 4. HP: 20/37 MP: 4/4
  1306 | D:2      | Reached skill level 3 in Axes
  1524 | D:3      | Found a snail-covered altar of Cheibriados.
  1688 | D:3      | Reached XP level 5. HP: 42/42 MP: 5/5
  2009 | D:4      | Reached skill level 4 in Axes
  2188 | D:4      | Reached XP level 6. HP: 47/48 MP: 6/6
  2340 | D:4      | Reached skill level 5 in Axes
  2359 | D:4      | Found a sand-covered staircase.
  2364 | Ossuary  | Entered an ossuary
  2409 | Ossuary  | Reached skill level 6 in Axes
  2409 | Ossuary  | Reached XP level 7. HP: 30/54 MP: 7/7
  2426 | Ossuary  | Reached skill level 7 in Axes
  2462 | Ossuary  | Reached XP level 8. HP: 23/60 MP: 8/8
  2476 | Ossuary  | Reached skill level 8 in Axes
  2777 | Ossuary  | Reached skill level 9 in Axes
  3887 | D:4      | Reached skill level 10 in Axes
  3887 | D:4      | Reached XP level 9. HP: 54/65 MP: 9/9
  4085 | D:5      | Entered Level 5 of the Dungeon
  4097 | D:5      | Found a shimmering blue altar of Sif Muna.
  4304 | D:5      | Found an iron altar of Okawaru.
  4324 | D:5      | Found a broken altar of Ashenzari.
  4349 | D:5      | Became a worshipper of Warmaster Okawaru
  4399 | D:5      | Reached skill level 5 in Shields
  4584 | D:5      | Reached skill level 5 in Fighting
  4584 | D:5      | Reached skill level 5 in Armour
  4811 | D:5      | Reached * piety under Okawaru
  5369 | D:6      | Noticed Grinder
  5382 | D:6      | Killed Grinder
  5383 | D:6      | Reached XP level 10. HP: 52/76 MP: 10/10
  5660 | D:6      | Found a staircase to the Ecumenical Temple.
  5793 | D:6      | Reached ** piety under Okawaru
  5975 | D:6      | Identified the +6 short sword "Hakoj" {vorpal, Dex+4}
  6003 | D:7      | Found Eler's Overcharged Wands.
  6252 | D:7      | Found an opulent altar of Gozag.
  6395 | D:7      | Reached skill level 1 in Invocations
  7308 | D:8      | Noticed an efreet
  7316 | D:8      | You are sucked into a shaft and drop 2 floors!
  7316 | D:10     | Entered Level 10 of the Dungeon
  7643 | D:9      | Noticed Psyche
  7673 | D:9      | Killed Psyche
  7791 | D:9      | Noticed a two-headed ogre
  7801 | D:9      | Reached skill level 5 in Invocations
  7813 | D:9      | Killed a two-headed ogre
  7818 | D:9      | Reached XP level 11. HP: 75/84 MP: 13/16
  7833 | D:9      | Noticed a red ugly thing
  7836 | D:9      | Reached *** piety under Okawaru
  7842 | D:9      | Killed a red ugly thing
  7849 | D:9      | Noticed a centaur warrior
  7864 | D:9      | Killed a centaur warrior
  8182 | D:9      | Found a staircase to the Lair.
  8201 | D:9      | Found a bloodstained altar of Trog.
  8343 | D:8      | Noticed Erica
  8356 | D:8      | Killed Erica
  8356 | D:8      | Reached **** piety under Okawaru
  8357 | D:8      | Reached skill level 10 in Fighting
  8644 | D:8      | Noticed a two-headed ogre
  8678 | D:8      | Killed a two-headed ogre
  8678 | D:8      | Reached ***** piety under Okawaru
  8679 | D:8      | Reached skill level 10 in Shields
  8947 | D:8      | Found an opulent altar of Gozag.
  8948 | D:8      | Found a runed translucent gate.
  8948 | D:8      | Found a runed translucent gate.
  8949 | D:8      | Found a runed translucent gate.
  8950 | D:8      | Noticed MisterAzrael's ghost (novice TrMo)
  9312 | D:8      | Noticed a centaur warrior
  9313 | D:8      | Noticed a tengu warrior
  9327 | D:8      | Killed a centaur warrior
  9339 | D:8      | Killed a tengu warrior
  9340 | D:8      | Reached skill level 11 in Axes
  9340 | D:8      | Reached XP level 12. HP: 59/97 MP: 18/18
  9533 | D:8      | Identified the ring "Cecwi" {*Corrode +Blink Will+ Str+6
                  | Slay+2}
  9873 | D:8      | Noticed a boulder beetle
  9917 | D:8      | Killed a boulder beetle
  9917 | D:8      | Received a gift from Okawaru
  9918 | D:8      | Reached skill level 12 in Axes
 10293 | D:8      | Killed MisterAzrael's ghost
 11302 | D:10     | Noticed a two-headed ogre
 11316 | D:10     | Killed a two-headed ogre
 11535 | D:10     | Found a staircase to the Orcish Mines.
 11558 | D:10     | Noticed Harold
 11580 | D:10     | Killed Harold
 11950 | Lair:1   | Entered Level 1 of the Lair of Beasts
 12271 | Lair:1   | Found a transporter.
 12282 | Lair:1   | Noticed a spriggan rider
 12295 | Lair:1   | Noticed LadonLegend's ghost (novice TrMo)
 12432 | Lair:1   | Reached XP level 13. HP: 90/107 MP: 19/19
 13119 | Lair:1   | Identified the +4 shortbow "Lealats" {flame, rPois Will++
                  | Int+2 Stlth+}
 13129 | Lair:1   | Found a transporter.
 13299 | Lair:1   | Found a bloodstained altar of Trog.
 13313 | Lair:1   | Killed LadonLegend's ghost
 13575 | Lair:2   | Found a staircase to the Snake Pit.
 13588 | Lair:2   | Reached skill level 13 in Axes
 14760 | Lair:3   | Reached skill level 14 in Axes
 14774 | Lair:3   | HP: 5/108 [fire crab] (27)]
 15078 | Lair:3   | Received a gift from Okawaru
 15130 | Lair:3   | Noticed an eight-headed hydra
 15157 | Lair:3   | Killed an eight-headed hydra
 15435 | Lair:3   | Noticed Fannar
 15457 | Lair:3   | Killed Fannar
 15822 | Lair:3   | Found a staircase to the Shoals.
 16344 | Lair:4   | Noticed a six-headed hydra
 16359 | Lair:4   | Killed a 15-headed hydra
 16359 | Lair:4   | Received a gift from Okawaru
 16360 | Lair:4   | Reached skill level 10 in Armour
 16360 | Lair:4   | Reached skill level 1 in Evocations
 16360 | Lair:4   | Reached XP level 14. HP: 51/115 MP: 18/20
 17235 | Lair:4   | Reached skill level 5 in Evocations
 18236 | Lair:4   | Identified the +0 pair of gloves of a sewer {Regen+ Str+2
                  | Int-3} (Okawaru gifted it to you on level 4 of the Lair of
                  | Beasts)
 18236 | Lair:4   | Received a gift from Okawaru
 18401 | Lair:5   | Found a dark tunnel.
 18409 | Volcano  | Entered a volcano
 18453 | Volcano  | Killed from afar by an efreet

Illustrated notes

Levels and vault maps discovered:
D:1:      lemuel_arrival_tunnels, layout_loops_ring,
          shapermc_ecumenical_altar_gd, minmay_split_cup_large
D:2:      layout_rooms, uniq_terence
D:3:      layout_basic, slow_altar_1
D:4:      layout_cave_pods, enter_ossuary_2
D:5:      layout_gridville, mainiacjoe_overflow_boulevard,
          mainiacjoe_overflow_catwalk_spiral, grunt_decor_cap
D:6:      layout_cave_pools, minmay_temple_entry_statues_pillars, uniq_grinder
D:7:      layout_basic, mainiacjoe_overflow_alcove_2,
          nicolae_shop_overcharged_wands
D:8:      layout_loops_ring, ebering_ghost_gozag, minmay_evil_grid, uniq_erica
D:9:      layout_irregular_city, bloody_trog, lair_entry_dummy, nzn_random_ring,
          uniq_psyche
D:10:     layout_big_octagon, orc_0_dummy, uniq_harold
D:11:     layout_loops_ring
Lair:1:   layout_roguey, gammafunk_ghost_wrathful_warriors, serial_bayou_shore_b
Lair:2:   layout_regular_city, minmay_snake_entry_guardpost_small
Lair:3:   layout_roguey, elwin_shoals_entry_rooms, uniq_fannar
Lair:4:   layout_cave_pods, infiniplex_staircase_pool
Lair:5:   layout_hall_layers, slime_altar_2, enter_volcano_1,
          grunt_megastairs_5, serial_bayou_shore_b
Volcano:  volcano_aerie

Skill      XL: |  1  2  3  4  5  6  7  8  9 10 11 12 13 14 |
---------------+-------------------------------------------+-----
Shields        | 4 7 9 10 12 | 12.0
Armour         | 4 5 7 10 | 10.0
Fighting       | 4 5 7 10 11 12 | 12.0
Axes           | 3 4 6 7 10 11 12 14 | 14.0
Invocations    | 7 8 |  8.0
Evocations     | 1 9 |  9.1

Action                   |  1- 3 |  4- 6 |  7- 9 | 10-12 | 13-15 || total
-------------------------+-------+-------+-------+-------+-------++-------
Melee: War axe           |    78 |   165 |   269 |   581 |   508 ||  1601
Invok: Heroism           |       |       |       |     8 |     7 ||    15
       Finesse           |       |       |       |     2 |     1 ||     3
 Abil: Dig               |     1 |     2 |       |     8 |     7 ||    18
       Shaft Self        |       |       |       |     1 |       ||     1
Evoke: Wand              |       |       |       |     2 |     6 ||     8
  Use: Scroll            |       |     3 |     8 |     7 |     5 ||    23
       Potion            |       |     2 |     3 |     4 |     3 ||    12
Armor: Scale mail        |    20 |    31 |       |       |       ||    51
       Plate armour      |       |    26 |    70 |   146 |   114 ||   356
Dodge: Dodged            |    11 |    40 |    41 |    84 |    56 ||   232
Block: Kite shield       |    61 |   151 |   204 |   321 |       ||   737
       Reflection        |       |       |       |    22 |     5 ||    27
       Tower shield      |       |       |       |   201 |   502 ||   703

Table legend: (Time is in decaauts)
 A = Elapsed time spent in this place.
 B = Non-inter-level travel time spent in this place.
 C = Inter-level travel time spent in this place.
 D = Time resting spent in this place.
 E = Time spent auto-exploring this place.
 F = Levels seen in this place.
 G = Mean time per level.
                   A        B        C        D        E       F      G
               +--------+--------+--------+--------+--------+-----+--------+
         Total |  18514 |  18191 |    323 |   4416 |  10493 |  18 | 1028.6 |
       Dungeon |  10964 |  10786 |    178 |   2540 |   6219 |  11 |  996.7 |
          Lair |   6394 |   6249 |    145 |   1233 |   4127 |   5 | 1278.8 |
       Ossuary |   1119 |   1119 |      0 |    643 |    147 |   1 | 1119.0 |
       Volcano |     35 |     35 |      0 |      0 |      0 |   1 |   35.0 |
               +--------+--------+--------+--------+--------+-----+--------+

Top non-repeatable levels by time:
     D:8: 2112 daAuts
  Lair:4: 2101 daAuts
  Lair:1: 1733 daAuts
  Lair:3: 1672 daAuts
     D:9: 1495 daAuts
     D:7: 1236 daAuts
 Ossuary: 1119 daAuts
     D:5: 1081 daAuts
     D:4: 1071 daAuts
    D:10: 1056 daAuts
     D:1: 967 daAuts
     D:6: 844 daAuts
  Lair:2: 798 daAuts
     D:2: 572 daAuts
     D:3: 525 daAuts
